 Dungeon Crawl Stone Soup version 0.18.1-8-gdd0e5ea (webtiles) character file.

8854 M4edhros the Covert (level 11, -13/72 HPs)
             Began as an Octopode Artificer on June 11, 2016.
             Was a High Priest of Cheibriados.
             Mangled by an enormous slime creature (72 damage)
             ... on level 12 of the Dungeon.
             The game lasted 00:24:50 (4805 turns).

M4edhros the Covert (Octopode Artificer)            Turns: 4805, Time: 00:24:51

Health: -13/72     AC:  1    Str: 26    XL:     11   Next: 37%
Magic:  15/15      EV: 16    Int: 29    God:    Cheibriados [*****.]
Gold:   339        SH:  8    Dex: 28    Spells: 3 memorised, 6 levels left

rFire  + . .     SeeInvis .       - Unarmed
rCold  + + .     Gourm    .     n - +1 buckler
rNeg   + . .     Faith    .     (helmet restricted)
rPois  .         Spirit   .     e - amulet of regeneration
rElec  .         Dismiss  .     i - ring of stealth
rCorr  .         Reflect  .     y - ring of protection from fire
SustAt .         Harm     .     s - ring "Tetom" {rC++ rN+ Int+4 Slay+2}
MR     .....                    I - ring of wizardry
Stlth  ++++++++..               (no ring)
                                (no ring)
                                (no ring)
                                (no ring)

@: mighty, very slow, not resistant to hostile enchantments, extraordinarily
stealthy
A: almost no armour, amphibious, 8 rings, constrict 8, camouflage 1, gelatinous
body 1
a: Bend Time, Temporal Distortion, Slouch, Step From Time, Renounce Religion


You were on level 12 of the Dungeon.
You worshipped Cheibriados.
Cheibriados was extremely pleased with you.
You were not hungry.

You visited 1 branch of the dungeon, and saw 12 of its levels.

You collected 409 gold pieces.
You spent 70 gold pieces at shops.

Inventory:

Hand Weapons
 a - a +0 short sword of flaming
 r - a +1 dagger of venom
 x - a +1 trident of venom
 D - a +0 blowgun
Armour
 n - a +1 buckler (worn)
Jewellery
 e - an amulet of regeneration (around mantle)
 i - a ring of stealth (left tentacle)
 s - the ring "Tetom" (on tentacle) {rC++ rN+ Int+4 Slay+2}
   (You found it on level 7 of the Dungeon)

   [ring of positive energy]

   It affects your intelligence (+4).
   It affects your accuracy and damage with ranged weapons and melee attacks
   (+2).
   It greatly protects you from cold.
   It protects you from negative energy.
 y - a ring of protection from fire (right tentacle)
 I - a ring of wizardry (on tentacle)
Wands
 b - a wand of flame (2/48)
 c - a wand of enslavement (12/24)
 p - a wand of flame (23/48)
 t - a wand of slowing (22/48)
 A - a wand of disintegration (15/24)
 H - a wand of acid (7/15)
Scrolls
 o - 3 scrolls of fog
 q - 4 scrolls of remove curse
 w - 3 scrolls of enchant armour
 z - a scroll of amnesia
 B - 6 scrolls of teleportation
 G - a scroll of noise
 J - a scroll of identify
Potions
 C - a potion of invisibility
Books
 j - a book of Cantrips

   Spells                             Type                      Level
   a - Corona                         Hexes                        1
   b - Animate Skeleton               Necromancy                   1
   c - Summon Small Mammal            Summoning                    1
   d - Apportation                    Translocation                1
 m - a book of Misfortune

   Spells                             Type                      Level
   a - Confusing Touch                Hexes                        2
   b - Confuse                        Hexes                        3
   c - Gell's Gravitas                Hexes/Translocation          3
   d - Petrify                        Transmutation/Earth          4
   e - Metabolic Englaciation         Hexes/Ice                    5
   f - Yara's Violent Unravelling     Hexes/Transmutation          5
Miscellaneous
 E - a sack of spiders {used: 1}
 F - a stone of tremors
Comestibles
 d - a royal jelly
 f - 7 bread rations
 h - 2 slices of pizza
 k - 5 beef jerkies
 l - 2 meat rations
 u - 32 fruits
 v - 5 chunks of flesh


   Skills:
 - Level 6.0 Fighting
 - Level 1.0 Short Blades
 * Level 4.1 Dodging
 + Level 11.3 Stealth
 - Level 5.2 Shields
 * Level 10.4 Unarmed Combat
 + Level 2.4 Hexes
 - Level 3.2 Necromancy
 * Level 3.4 Invocations
 - Level 5.7 Evocations


You had 6 spell levels left.
You knew the following spells:

 Your Spells              Type           Power        Failure   Level  Hunger
a - Apportation           Tloc           #.........   4%          1    ##.....
b - Animate Skeleton      Necr           N/A          1%          1    ##.....
c - Confusing Touch       Hex            ##....       4%          2    ###....


Dungeon Overview and Level Annotations

Branches:
Dungeon (12/15)            Temple (0/1) D:6            Lair (0/8) D:9
    Orc (0/2) D:12

Altars:
Cheibriados
Vehumet
Yredelemnul

Shops:
D:11 ?

Annotations:
D:4 exclusion: statue
D:6 Rationalist's ghost, novice MiBe
D:7 Sagrath01's ghost, novice GrGl
D:11 exclusion: hydra


Innate Abilities, Weirdness & Mutations

You cannot wear most types of armour.
You are amphibious.
You can wear up to eight rings at the same time.
You can use your tentacles to constrict eight enemies at once.
Your skin changes colour to match your surroundings (Stealth).
Your rubbery body absorbs attacks (AC +1).


Message History

Unknown command.
You bludgeon the very large slime creature!
You squeeze the very large slime creature!
The very large slime creature is heavily wounded.
You block the very large slime creature's attack.
Two slime creatures merge to form an enormous slime creature.
Unknown command.
You tentacle-slap the enormous slime creature. x2
You squeeze the enormous slime creature.
The enormous slime creature is heavily wounded.
You barely miss the enormous slime creature.
You squeeze the enormous slime creature!
The enormous slime creature is heavily wounded.
Unknown command.
You bludgeon the enormous slime creature!
You squeeze the enormous slime creature!!
The enormous slime creature is severely wounded.
The enormous slime creature hits you!!!!
Ouch! That really hurt!
You die...

#.##.......###.######
##...####...#..## #
#### #.......#####
#............
######............
#Z..Z.............
#Z####...........>
#Z# ####......... #@#
#.#....... #J#
#.#....... #.#
#.###..... #.# #.#
#.##.# #.# #.# #.##..
#.# #.# #.# ## #z# #.
..# ... ... #.#


You could see an enormous slime creature, a wight (dormant), a friendly orc
skeleton, a friendly orc skeleton and a friendly centaur skeleton.

Vanquished Creatures
  Erica (D:11)
  Nergalle (D:10)
  3 hill giants (D:10)
  A deep elf mage (D:12)
  2 trolls
  Menkaure (D:5)
  2 sky beasts
  8 orc warriors
  2 black bears
  A phantom (D:6)
  A necrophage (D:9)
  5 ogres
  2 centaurs
  An eye of draining (D:10)
  2 crocodiles
  5 giant frogs
  Blork the orc (D:5)
  A big kobold (D:8)
  2 gnoll sergeants (D:9)
  2 scorpions
  4 killer bees (D:7)
  2 howler monkeys (D:9)
  4 crimson imps
  A centaur zombie (D:8)
  2 quasits
  4 hounds
  3 jellies
  10 orc wizards
  5 orc priests
  A centaur skeleton (D:6)
  A giant frog skeleton (D:8)
  5 worker ants
  2 iguanas
  A howler monkey zombie (D:6)
  A worker ant zombie (D:10)
  8 adders
  9 gnolls
  An adder skeleton (D:4)
  3 dart slugs
  6 giant geckos
  24 orcs
  A giant cockroach (D:1)
  2 goblins
  5 hobgoblins
  4 jackals (D:7)
  4 kobolds (D:1)
  2 quokkas
  2 bats (D:1)
  A giant gecko skeleton (D:4)
  A jackal skeleton (D:4)
  A quokka zombie (D:6)
  4 rats
168 creatures vanquished.

Vanquished Creatures (collateral kills)
  A centaur zombie (D:10)
  A troll (D:10)
  An orc warrior (D:12)
  An ogre (D:8)
  An ice beast (D:9)
  2 centaurs
  2 killer bees (D:7)
  2 howler monkeys (D:9)
  A hound (D:11)
  An orc priest (D:8)
  2 orc wizards
  An orc (D:9)
  A quokka (D:7)
  A plant (D:8)
18 creatures vanquished.

Grand Total: 186 creatures vanquished

Notes
Turn   | Place    | Note
--------------------------------------------------------------
     0 | D:1      | M4edhros the Octopode Artificer began the quest for the Orb.
     0 | D:1      | Reached XP level 1. HP: 13/13 MP: 3/3
    15 | D:1      | Reached skill level 2 in Stealth
    50 | D:1      | Reached XP level 2. HP: 17/18 MP: 4/4
    65 | D:1      | Reached skill level 3 in Stealth
   408 | D:2      | Reached skill level 4 in Stealth
   436 | D:3      | Reached XP level 3. HP: 22/23 MP: 5/5
   639 | D:5      | Entered Level 5 of the Dungeon
   744 | D:4      | Reached skill level 1 in Unarmed Combat
   744 | D:4      | Reached XP level 4. HP: 8/28 MP: 6/6
   748 | D:4      | Reached skill level 1 in Shields
   836 | D:4      | Found a radiant altar of Vehumet.
   838 | D:4      | Noticed a frost-covered statue
   929 | D:5      | Found a snail-covered altar of Cheibriados.
   935 | D:5      | Became a worshipper of Cheibriados the Contemplative
  1022 | D:5      | Reached XP level 5. HP: 27/33 MP: 7/7
  1076 | D:6      | Found a staircase to the Ecumenical Temple.
  1186 | D:6      | Reached skill level 5 in Stealth
  1220 | D:5      | Noticed Menkaure
  1228 | D:5      | Killed Menkaure
  1228 | D:5      | Reached XP level 6. HP: 34/38 MP: 8/8
  1233 | D:5      | Noticed Blork the orc
  1257 | D:5      | Killed Blork the orc
  1257 | D:5      | Reached skill level 6 in Stealth
  1288 | D:6      | Noticed Rationalist's ghost (novice MiBe)
  1323 | D:6      | Noticed a phantom
  1334 | D:6      | Killed a phantom
  1334 | D:6      | Reached XP level 7. HP: 37/43 MP: 9/9
  1373 | D:6      | Reached skill level 5 in Unarmed Combat
  1489 | D:6      | Reached skill level 7 in Stealth
  1535 | D:7      | Noticed Sagrath01's ghost (novice GrGl)
  1595 | D:7      | Got an ancient wooden ring
  1596 | D:7      | Identified the ring "Tetom" {rC++ rN+ Int+4 Slay+2} (You found it on level 7 of the Dungeon)
  1638 | D:7      | Reached * piety under Cheibriados
  1642 | D:7      | Reached XP level 8. HP: 43/48 MP: 10/10
  1803 | D:7      | Learned a level 1 spell: Apportation
  1805 | D:7      | Learned a level 1 spell: Animate Skeleton
  2036 | D:9      | Noticed a troll
  2047 | D:9      | Killed a troll
  2047 | D:9      | Reached skill level 8 in Stealth
  2047 | D:9      | Reached skill level 1 in Necromancy
  2133 | D:9      | Reached ** piety under Cheibriados
  2173 | D:9      | Reached XP level 9. HP: 42/55 MP: 11/11
  2268 | D:9      | Found a staircase to the Lair.
  2471 | D:9      | Reached skill level 5 in Shields
  2625 | D:9      | Reached skill level 9 in Stealth
  2992 | D:10     | Entered Level 10 of the Dungeon
  2992 | D:10     | Noticed Nergalle
  3003 | D:10     | Reached *** piety under Cheibriados
  3114 | D:10     | Killed Nergalle
  3210 | D:10     | Noticed a troll
  3218 | D:10     | Killed a troll
  3218 | D:10     | Reached XP level 10. HP: 65/65 MP: 13/13
  3253 | D:10     | Reached skill level 10 in Stealth
  3337 | D:10     | Noticed a hill giant
  3353 | D:10     | Killed a hill giant
  3353 | D:10     | Reached skill level 5 in Evocations
  3367 | D:10     | Noticed a hill giant
  3378 | D:10     | Reached skill level 5 in Fighting
  3381 | D:10     | Killed a hill giant
  3488 | D:10     | You fall through a shaft!
  3490 | D:11     | Found Waoge's Magic Scroll Shop.
  3499 | D:11     | Bought a scroll of teleportation for 42 gold pieces
  3499 | D:11     | Bought a scroll of identify for 28 gold pieces
  3653 | D:7      | Reached **** piety under Cheibriados
  3669 | D:7      | HP: 3/66 [killer bee (5)]
  3740 | D:7      | Found a basalt altar of Yredelemnul.
  3755 | D:7      | Learned a level 2 spell: Confusing Touch
  3926 | D:8      | Reached skill level 1 in Hexes
  4043 | D:8      | Reached skill level 10 in Unarmed Combat
  4096 | D:8      | Reached skill level 11 in Stealth
  4126 | D:8      | Reached skill level 1 in Invocations
  4202 | D:11     | Noticed a seven-headed hydra
  4248 | D:11     | Noticed Erica
  4257 | D:11     | Killed Erica
  4257 | D:11     | Reached XP level 11. HP: 43/72 MP: 15/15
  4328 | D:11     | Noticed a seven-headed hydra
  4370 | D:10     | Noticed a hill giant
  4383 | D:10     | Killed a hill giant
  4658 | D:12     | Noticed a deep elf mage
  4666 | D:12     | Killed a deep elf mage
  4682 | D:12     | Found a staircase to the Orcish Mines.
  4683 | D:12     | Reached ***** piety under Cheibriados
  4805 | D:12     | Mangled by an enormous slime creature

Skill      XL: |  1  2  3  4  5  6  7  8  9 10 11 |
---------------+----------------------------------+-----
Stealth        | 2 4 5 6 7 8 9 11 | 11.3
Unarmed Combat | 1 2 3 4 5 7 8 10 | 10.4
Shields        | 1 2 3 4 5 |  5.2
Necromancy     | 2 3 |  3.2
Fighting       | 2 4 5 6 |  6.0
Evocations     | 4 5 |  5.7
Hexes          | 1 2 |  2.4
Dodging        | 3 4 |  4.1
Invocations    | 2 3 |  3.4
Short Blades   | |  1.0

Action                   |  1- 3 |  4- 6 |  7- 9 | 10-12 || total
-------------------------+-------+-------+-------+-------++-------
Melee: Short sword       |    53 |    35 |     1 |     2 ||    91
       Constrict         |    18 |     8 |    45 |    30 ||   101
       Tentacles         |    10 |     8 |    56 |    47 ||   121
       Punch             |       |     2 |    12 |    30 ||    44
       Unarmed           |       |     4 |   207 |   187 ||   398
 Cast: Animate Skeleton  |       |       |    17 |    21 ||    38
       Confusing Touch   |       |       |       |     1 ||     1
Evoke: Wand              |     3 |    14 |     4 |     4 ||    25
       Sack of spiders   |       |       |       |     1 ||     1
  Use: Scroll            |     2 |     5 |     3 |     6 ||    16
       Potion            |       |     1 |     9 |     9 ||    19
 Stab: Sleeping          |     5 |     4 |    12 |    15 ||    36
       Invisible         |       |       |     1 |       ||     1
       Distracted        |       |       |     1 |     3 ||     4
       Confused          |       |       |       |     2 ||     2
  Eat: Chunk             |       |     1 |     6 |     4 ||    11
Armor: Skin              |     2 |     7 |     8 |   148 ||   165
Dodge: Dodged            |    28 |    20 |   104 |    96 ||   248
Block: Buckler           |     2 |     7 |    57 |   108 ||   174
